 Dungeon Crawl Stone Soup version 0.31-a0-219-g8d62b2e7bb (webtiles) character file.

Game seed: 685490940125484729

180 pokeman the Magician (level 5, 0/29 HPs)
             Began as a Deep Elf Hedge Wizard on July 3, 2023.
             Slain by Pikel
             ... wielding a +2 whip of flaming
              (6 damage)
             ... on level 4 of the Dungeon.
             The game lasted 00:05:07 (3357 turns).

pokeman the Magician (Deep Elf Hedge Wizard)        Turns: 3357, Time: 00:05:08

Health: 0/29       AC:  4    Str:  7    XL:     5   Next: 33%
Magic:  6/15       EV: 17    Int: 21    God:
Gold:   25         SH:  0    Dex: 14    Spells: 8/16 levels left

rFire   . . .        a - +0 dagger
rCold   + . .        (no shield)
rNeg    . . .        k - +1 leather armour of Lilacs {rC+}
rPois   .            c - +0 hat
rElec   .            (no cloak)
rCorr   .            (no gloves)
SInv    .            (no boots)
Will    .....        (no amulet)
Stlth   ++           i - +5 ring of evasion
HPRegen 0.24/turn    (no ring)
MPRegen 0.14/turn

%: no passive effects
@: no status effects
A: no striking features
a: no special abilities


You were on level 4 of the Dungeon.
You visited 2 branches of the dungeon, and saw 5 of its levels.

You collected 135 gold pieces.
You spent 110 gold pieces at shops.

Inventory:

Hand Weapons
 a - a +0 dagger (weapon)
Armour
 c - a +0 hat (worn)
 k - the +1 leather armour of Lilacs (worn) {rC+}
   (You found it on level 3 of the Dungeon)

   rC:        It protects you from cold.
Magical Staves
 j - a staff of air
Jewellery
 i - a +5 ring of evasion (left hand)
Scrolls
 e - a scroll of summoning {unknown}
 f - 3 scrolls of identify {unknown}
 g - a scroll of noise {unknown}
 h - 2 scrolls of amnesia {unknown}
 n - a scroll of enchant armour {unknown}
 q - a scroll of teleportation {unknown}
 r - a scroll of brand weapon {unknown}
 s - a scroll of fear {unknown}
Potions
 b - a potion of berserk rage {unknown}
 d - 2 potions of magic
 l - a potion of invisibility {unknown}
 m - a potion of enlightenment {unknown}
 o - a potion of heal wounds
 p - 2 potions of curing


   Skills:
 - Level 1.0 Fighting
 - Level 1.0 Armour
 - Level 3.1 Dodging
 - Level 3.3 Stealth
 * Level 6.2 Spellcasting
 + Level 2.6 Conjurations
 - Level 1.1 Summonings
 - Level 1.1 Translocations
 + Level 0.0 Air Magic
 + Level 0.1 Poison Magic
 + Level 0.0 Evocations


You had 8 spell levels left.
You knew the following spells:

 Your Spells              Type           Power      Damage    Failure   Level
a - Magic Dart            Conj           68%        1d6       4%          1
b - Mephitic Cloud        Conj/Pois/Air  10%        N/A       28%         3
c - Call Imp              Summ           22%        N/A       13%         2
d - Blink                 Tloc           22%        N/A       13%         2

Your spell library contained the following spells:

 Spells                   Type           Power      Damage    Failure   Level
 Slow                     Hex            24%        N/A       14%         1
 Cigotuvi's Dreadful Rot  Necr/Pois/Air  12%        N/A       21%         2


Dungeon Overview and Level Annotations

Branches:
Dungeon (4/15)             Temple (1/1) D:4

Altars:
Ashenzari
Cheibriados
Fedhas
Gozag
Okawaru
Qazlal
Ru
Uskayaw
Wu Jian
Xom
Yredelemnul
Zin

Shops:
D:3 !

Annotations:
D:4 Pikel


Message History

Pikel closely misses the lemure.
Your cerulean imp hits the lemure but does no damage.
Unknown command.
Casting: Mephitic Cloud (extremely dangerous; 28% risk of failure)
Confirm with . or Enter, or press ? or * to list all spells.
The spell is extremely dangerous to miscast (28% risk of failure)!
Continue anyway?
Aiming: Mephitic Cloud (extremely dangerous; 28% risk of failure)
Press: ? - help, Shift-Dir - straight line, f - lemure, p - Pikel
Aim: a lemure (chance to affect: 77%)
The ball explodes into a vile cloud!
The stinking cloud engulfs the lemure but does no damage.
The lemure is almost dead.
The stinking cloud engulfs your cerulean imp but does no damage.
The stinking cloud engulfs the lemure but does no damage.
The stinking cloud engulfs Pikel but does no damage.
Pikel is heavily wounded.
The stinking cloud engulfs the lemure but does no damage.
The giant cockroach completely misses you.
The lemure is engulfed in noxious fumes.
The lemure appears confused.
The lemure barely misses Pikel.
Your cerulean imp barely misses the lemure.
The giant cockroach barely misses you.
Unknown command.
Unknown command.
Unknown command.
You barely miss Pikel.
Pikel is heavily wounded.
Pikel says, "I'm a little confused."
Pikel misses you.
The lemure is engulfed in noxious fumes.
The lemure appears confused.
The lemure misses your cerulean imp. The giant cockroach barely misses you.
Your cerulean imp barely misses the lemure.
Unknown command.
You hit Pikel but do no damage.
Pikel is heavily wounded.
Pikel hits you with a +2 whip of flaming!
* * * LOW HITPOINT WARNING * * *
Pikel burns you.
You die...

#..#..#### ##. . ##.###....# #.#
. #....<...## #.# . #
###.........# ##.# K
##.##...........## #..# .
...#......##.....# ###..## .
##..)#########..#### ##.....###.
#....## ###..555###.......#..
#..#..# ####...@K55.....##......
#.##..###...(..B####...#####....
#.##............# ##...# #....
#.#............## ##..## #....
#.........###...# #.).# #####
#######...# #...# ##..#
##...###...# ##.### #......#...#
#...# ### ##.........##
###.###..


You could see Pikel (confused), 4 lemures, a giant cockroach and a friendly
cerulean imp (summoned).

Vanquished Creatures
  A black bear (D:4)
  4 adders
  2 dart slugs
  2 worms
  An orc (D:3)
  3 endoplasms
  5 goblins
  4 hobgoblins
  4 quokkas
  4 ball pythons
  6 bats
  5 frilled lizards
  4 kobolds
  4 rats
49 creatures vanquished.

Notes
Turn   | Place    | Note
-------+----------+-------------------------------------------
     0 | D:1      | pokeman the Deep Elf Hedge Wizard began the quest for the
                  | Orb.
     0 | D:1      | Reached XP level 1. HP: 10/10 MP: 7/7
   406 | D:1      | Reached XP level 2. HP: 15/15 MP: 5/9
   936 | D:1      | Found a faded altar of an unknown god.
  1321 | D:2      | Reached skill level 5 in Spellcasting
  1399 | D:2      | Reached XP level 3. HP: 20/20 MP: 5/11
  1403 | D:2      | Learned a level 3 spell: Mephitic Cloud
  1406 | D:2      | Learned a level 2 spell: Call Imp
  1409 | D:2      | Learned a level 2 spell: Blink
  1761 | D:2      | Reached skill level 1 in Fighting
  1761 | D:2      | Reached skill level 1 in Armour
  2143 | D:3      | Reached XP level 4. HP: 25/25 MP: 5/13
  2200 | D:3      | Identified the +1 leather armour of Lilacs {rC+}
  2766 | D:3      | Found Kema's Distillery.
  2774 | D:3      | Bought a potion of heal wounds for 50 gold pieces
  2774 | D:3      | Bought a potion of curing for 30 gold pieces
  2774 | D:3      | Bought a potion of curing for 30 gold pieces
  3099 | D:4      | Found a staircase to the Ecumenical Temple.
  3108 | Temple   | Entered the Ecumenical Temple
  3164 | D:4      | Noticed a black bear
  3187 | D:4      | Killed a black bear
  3188 | D:4      | Reached skill level 6 in Spellcasting
  3188 | D:4      | Reached XP level 5. HP: 26/29 MP: 4/15
  3326 | D:4      | Noticed Pikel
  3326 | D:4      | Noticed a lemure
  3326 | D:4      | Noticed a lemure
  3326 | D:4      | Noticed a lemure
  3326 | D:4      | Noticed a lemure
  3357 | D:4      | Slain by Pikel

Illustrated notes

Levels and vault maps discovered:
D:1:      minmay_arrival_floating_metal, layout_loops_ring,
          dilly_ecumenical_altar_fadedgnrine, st_stairs_13,
          kennysheep_minor_cross
D:2:      layout_loops_ring, minmay_close_crescents
D:3:      wander_river, layout_basic, serial_shops, shop, grunt_decor_clamped,
          skrybe_limestone_x
D:4:      nicolae_cairo_tiling_very_big, layout_layer_cave,
          kennysheep_mini_moat, mainiacjoe_overflow_six_doors_small,
          minmay_temple_entry_mini_moons, uniq_duvessa, uniq_pikel
Temple:   nicolae_temple_ecumenical_triangle

Skill      XL: |  1  2  3  4 |
---------------+-------------+-----
Spellcasting   | 5 6 |  6.2
Fighting       | 1 |  1.0
Armour         | 1 |  1.0
Conjurations   | 2 |  2.6
Dodging        | 3 |  3.1
Stealth        | 3 |  3.3
Summonings     | |  1.1
Translocations | |  1.1
Poison Magic   | |  0.1

Action                     |  1- 3 |  4- 6 || total
---------------------------+-------+-------++-------
  Melee: Dagger            |     3 |    19 ||    22
   Cast: Magic Dart        |    88 |    36 ||   124
         Mephitic Cloud    |       |     5 ||     5
         Call Imp          |       |     2 ||     2
   Stab: Sleeping          |     2 |     1 ||     3
         Confused          |       |     2 ||     2
 Armour: Robe              |     3 |       ||     3
         Leather armour    |       |     4 ||     4
  Dodge: Dodged            |     9 |    28 ||    37

Table legend: (Time is in decaauts)
 A = Elapsed time spent in this place.
 B = Non-inter-level travel time spent in this place.
 C = Inter-level travel time spent in this place.
 D = Time resting spent in this place.
 E = Time spent auto-exploring this place.
 F = Levels seen in this place.
 G = Mean time per level.
                   A        B        C        D        E       F      G
               +--------+--------+--------+--------+--------+-----+--------+
         Total |   3396 |   3310 |     86 |     71 |   2914 |   5 |  679.2 |
       Dungeon |   3351 |   3272 |     79 |     71 |   2883 |   4 |  837.8 |
        Temple |     45 |     38 |      7 |      0 |     31 |   1 |   45.0 |
               +--------+--------+--------+--------+--------+-----+--------+

Top non-repeatable levels by time:
     D:2: 1091 daAuts
     D:1: 1045 daAuts
     D:3: 934 daAuts
     D:4: 279 daAuts
  Temple: 45 daAuts
